 Dungeon Crawl Stone Soup version 0.31-a0-703-gcfe89afef6 (webtiles) character file.

Game seed: 14635739150809853996

128 cforsyth the Trooper (level 5, -4/42 HPs)
             Began as a Djinni Chaos Knight on Sept 8, 2023.
             Was a Plaything of Xom.
             Slain by a gnoll
             ... wielding a +4 quarterstaff
             ... led by a gnoll bouda
              (15 damage)
             ... on level 4 of the Dungeon.
             The game lasted 00:03:46 (2099 turns).

cforsyth the Trooper (Djinni Chaos Knight)          Turns: 2099, Time: 00:03:47

Health: -4/42      AC:  6    Str: 10 (11) XL:     5   Next: 34%
Gold:   162        EV: 11    Int: 15      God:    Xom [....*.] SH:  0 Dex: 12 (13)

rFire   + + .        m - +1 short sword (drain)
rCold   x . .        (no shield)
rNeg    . . .        b - +2 leather armour
rPois   ∞            (no helmet)
rElec   .            j - +0 cloak
rCorr   .            (no gloves)
SInv    .            (boots unavailable)
Will    .....        (no amulet)
Stlth   +            c - ring of wizardry
HPRegen 0.27/turn    (no ring)
MPRegen 0.00/turn

%: wizardry (x1), infuse magic (-5 HP)
@: flying
A: sickness immunity, fire resistance 2, cold vulnerability 1, float, innate
caster, HP casting, extra vitality 1, deterioration 1
a: Renounce Religion


You were on level 4 of the Dungeon.
You worshipped Xom.
You were a beloved toy of Xom.
You visited 1 branch of the dungeon, and saw 4 of its levels.

You collected 162 gold pieces.

Inventory:

Hand Weapons
 a - a +0 falchion of chaos
 m - a +1 short sword of draining (weapon)
Armour
 b - a +2 leather armour (worn)
 j - a +0 cloak (worn)
Jewellery
 c - a ring of wizardry (left hand)
Scrolls
 e - a scroll of fog {unknown}
 f - a scroll of noise {unknown}
 g - 2 scrolls of amnesia {unknown}
 k - a scroll of blinking {unknown}
 p - a scroll of teleportation {unknown}
Potions
 d - 3 potions of curing {unknown}
 h - a potion of enlightenment {unknown}
 i - a potion of lignification {unknown}
 l - a potion of haste {unknown}
 n - a potion of heal wounds {unknown}
 o - a potion of berserk rage {unknown}


   Skills:
 + Level 4.5 Fighting
 - Level 2.6 Long Blades
 - Level 1.0 Armour
 - Level 2.1 Dodging
 + Level 2.2 Spellcasting
 + Level 2.2 Conjurations
 + Level 2.2 Hexes
 + Level 2.2 Summonings
 + Level 2.2 Necromancy
 + Level 2.2 Translocations
 + Level 2.2 Transmutations
 + Level 2.2 Fire Magic
 + Level 2.2 Ice Magic
 + Level 2.2 Air Magic
 + Level 2.2 Earth Magic
 + Level 2.2 Poison Magic


You knew the following spells:

 Your Spells              Type           Power      Damage    Failure   Level
a - Foxfire               Conj/Fire      32%        2x1d5     4%          1
b - Static Discharge      Conj/Air       16%        2-3/arc   8%          2
Your spell library was empty.

Dungeon Overview and Level Annotations

Branches:
Dungeon (4/15)
 Temple: D:4-7

Altars:

Annotations:
D:3 2 transporters, Dynojp's ghost, amateur OpSh


Innate Abilities, Weirdness & Mutations

You are immune to sickness and miasma.
You are immune to poison.
Your flesh is very heat resistant. (rF++)
You are vulnerable to cold. (rC-)
You float through the air rather than walking.
You learn spells naturally, not from books.
Your magical power is your life essence.
You have superior vitality. (+4 MHP)
Your body sometimes deteriorates upon taking damage.


Message History

The gnoll completely misses you.
You conjure some foxfire!
The foxfire hits the gnoll bouda but does no damage.
The gnoll bouda is heavily wounded.
The foxfire hits the gnoll bouda.
The gnoll bouda is severely wounded.
A gnoll comes into view. It is wielding a +0 whip.
The gnoll barely misses you.
The gnoll bouda hits you with a +0 whip.
The gnoll hits you from afar with a +0 spear.
You conjure some foxfire!
The foxfire hits the gnoll bouda.
The gnoll bouda is severely wounded.
The foxfire hits the gnoll bouda but does no damage.
The gnoll bouda is severely wounded.
The gnoll closely misses you.
The gnoll bouda hits you with a +0 whip.
Your body deteriorates!
You feel clumsy. The gnoll hits you but does no damage.
Your foxfire dissipates!
The foxfire hits the gnoll bouda but does no damage.
The gnoll bouda is severely wounded.
The gnoll attacks as it pursues you! The gnoll misses you.
The gnoll bouda gazes fiercely through you!
You feel your attacks grow feeble.
The gnoll hits you from afar with a +0 spear!
Your body deteriorates!
You feel weakened.
The gnoll bouda attacks as it pursues you!
The gnoll bouda hits you but does no damage.
The gnoll is no longer moving quickly.
Your attacks no longer feel as feeble.
The gnoll bouda barks out a call to the hunt!
The gnoll bouda barks out a call to the hunt!
The gnoll is no longer moving quickly.
The gnoll attacks as it pursues you!
The gnoll hits you from afar with a +0 spear.
The gnoll attacks as it pursues you! The gnoll hits you but does no damage.
The gnoll hits you from afar with a +0 spear.
* * * LOW HITPOINT WARNING * * *
The gnoll hits you with a +4 quarterstaff!
You die...
Xom titters!

...##.gg##...###..#
#.....g.....#....#.#.
#...##...#............
##.##....#gg...###...#
#.. ##......†..## .##
... #†####gg...##>.#
.. ...#....g......#
.........g.......
.#........@.......
.................
..##...........#. .
##............
#..........##
#..###......# ##.
....... #. >.....#


You could see a gnoll bouda and 5 gnolls.

Vanquished Creatures
  Natasha (D:2)
  4 adders
  An ufetubus (D:4)
  5 dart slugs
  An orc (D:3)
  4 bats
  4 endoplasms (D:1)
  4 giant cockroaches
  5 goblins
  3 hobgoblins
  7 ball pythons
  6 kobolds
  7 rats
52 creatures vanquished.

Vanquished Creatures (others)
  42 foxfires
42 creatures vanquished.

Grand Total: 94 creatures vanquished

Notes
Turn   | Place    | Note
-------+----------+-------------------------------------------
     0 | D:1      | cforsyth the Djinni Chaos Knight began the quest for the
                  | Orb.
     0 | D:1      | Reached XP level 1. HP: 20/20 MP: 0/0
    51 | D:1      | Reached XP level 2. HP: 25/25 MP: 0/0
   119 | D:1      | XOM: silly message
   131 | D:1      | Reached skill level 1 in Spellcasting
   131 | D:1      | Reached skill level 1 in Conjurations
   131 | D:1      | Reached skill level 1 in Hexes
   131 | D:1      | Reached skill level 1 in Summonings
   131 | D:1      | Reached skill level 1 in Necromancy
   131 | D:1      | Reached skill level 1 in Translocations
   131 | D:1      | Reached skill level 1 in Transmutations
   131 | D:1      | Reached skill level 1 in Fire Magic
   131 | D:1      | Reached skill level 1 in Ice Magic
   131 | D:1      | Reached skill level 1 in Air Magic
   131 | D:1      | Reached skill level 1 in Earth Magic
   131 | D:1      | Reached skill level 1 in Poison Magic
   329 | D:1      | Reached XP level 3. HP: 30/30 MP: 0/0
   329 | D:1      | Learned a level 1 spell: Foxfire
   467 | D:1      | XOM: silly message
   642 | D:1      | a quokka changed into a shapeshifter
   642 | D:1      | Noticed a shapeshifter (shapeshifter)
   642 | D:1      | a shapeshifter changed into a guardian serpent
   642 | D:1      | Noticed a guardian serpent (shapeshifter)
   642 | D:1      | a guardian serpent changed into a cane toad
   642 | D:1      | Noticed a cane toad (shapeshifter)
   652 | D:1      | Noticed a golden eye
   657 | D:1      | a golden eye changed into a sky beast
   657 | D:1      | Noticed a sky beast (shapeshifter)
   891 | D:2      | Reached XP level 4. HP: 37/37 MP: 0/0
   919 | D:2      | XOM: silly message
  1134 | D:2      | Noticed Natasha
  1138 | D:2      | XOM: potion effect (might)
  1143 | D:2      | XOM: smoke on damage
  1147 | D:2      | Killed Natasha
  1148 | D:2      | Reached skill level 4 in Fighting
  1493 | D:3      | Found a transporter.
  1493 | D:3      | Noticed Dynojp's ghost (amateur OpSh)
  1521 | D:3      | Reached XP level 5. HP: 41/41 MP: 0/0
  1521 | D:3      | Learned a level 2 spell: Static Discharge
  1545 | D:3      | XOM: divination: magic mapping
  1609 | D:3      | XOM: silly message
  1672 | D:3      | Found a transporter.
  1974 | D:3      | XOM: 5-stop teleportation journey
  2002 | D:3      | XOM: give mutation
  2002 | D:3      | Gained mutation: Your body sometimes deteriorates upon
                  | taking damage. [Xom's mischief]
  2099 | D:4      | Slain by a gnoll

Illustrated notes

Levels and vault maps discovered:
D:1:      wander_arrival_lonely_grave, layout_basic, minmay_cupped
D:2:      layout_basic, uniq_natasha
D:3:      layout_basic, gammafunk_ghost_arena, mrwooster_statue_mirror
D:4:      layout_cave_pools, minmay_temple_entry_large_hall

Skill      XL: |  1  2  3  4 |
---------------+-------------+-----
Spellcasting   | 1 2 |  2.2
Conjurations   | 1 2 |  2.2
Hexes          | 1 2 |  2.2
Summonings     | 1 2 |  2.2
Necromancy     | 1 2 |  2.2
Translocations | 1 2 |  2.2
Transmutations | 1 2 |  2.2
Fire Magic     | 1 2 |  2.2
Ice Magic      | 1 2 |  2.2
Air Magic      | 1 2 |  2.2
Earth Magic    | 1 2 |  2.2
Poison Magic   | 1 2 |  2.2
Fighting       | 4 |  4.5
Long Blades    | |  2.6
Armour         | |  1.0
Dodging        | |  2.1

Action                     |  1- 3 |  4- 6 || total
---------------------------+-------+-------++-------
  Melee: Falchion          |    95 |     1 ||    96
         Punch             |     1 |     1 ||     2
         Short sword       |       |    53 ||    53
   Cast: Foxfire           |       |    23 ||    23
         Static Discharge  |       |     1 ||     1
    Use: Scroll            |     1 |       ||     1
 Armour: Leather armour    |    59 |    43 ||   102
  Dodge: Dodged            |    57 |    49 ||   106

Table legend: (Time is in decaauts)
 A = Elapsed time spent in this place.
 B = Non-inter-level travel time spent in this place.
 C = Inter-level travel time spent in this place.
 D = Time resting spent in this place.
 E = Time spent auto-exploring this place.
 F = Levels seen in this place.
 G = Mean time per level.
                   A        B        C        D        E       F      G
               +--------+--------+--------+--------+--------+-----+--------+
         Total |   2109 |   1912 |    197 |      0 |   1432 |   4 |  527.2 |
       Dungeon |   2109 |   1912 |    197 |      0 |   1432 |   4 |  527.2 |
               +--------+--------+--------+--------+--------+-----+--------+

Top non-repeatable levels by time:
     D:3: 711 daAuts
     D:1: 688 daAuts
     D:2: 636 daAuts
     D:4: 73 daAuts
